 Dungeon Crawl Stone Soup version 0.27-a0-819-g058290f16d (webtiles) character file.

Game seed: 10550466286808847427

13991 polve the Carver (level 11, -6/83 HPs)
             Began as a Demonspawn Abyssal Knight on Mar 29, 2021.
             Was a High Priest of Lugonu.
             Mangled by a lindwurm (8 damage)
             ... on level 2 of the Lair of Beasts.
             The game lasted 00:22:26 (15318 turns).

polve the Carver (Demonspawn Abyssal Knight)       Turns: 15318, Time: 00:22:26

Health: -6/83      AC: 13    Str: 18    XL:     11   Next: 82%
Magic:  17/18      EV: 13    Int: 18    God:    Lugonu [*****.]
Gold:   711        SH:  0    Dex: 12    Spells: 10/10 levels left

rFire    . . .     SeeInvis .   I - +4 demon blade (elec)
rCold    . . .     Faith    .   (no shield)
rNeg     . . .     Spirit   .   s - +0 steam dragon scales
rPois    .         Reflect  .   (helmet restricted)
rElec    .         Harm     .   (no cloak)
rCorr    .         Rampage  .   N - +0 pair of gloves
Will     .....                  e - +0 pair of boots {Stlth+}
Stlth    +++++.....             (no amulet)
HPRegen  0.23/turn              M - +6 ring of strength
MPRegen  0.16/turn              p - +4 ring of protection

@: studying Long Blades
A: horns 2, rugged brown scales 1, spiny 2
a: Renounce Religion, Depart the Abyss, Bend Space, Banish, Corrupt, Enter the
Abyss


You were on level 2 of the Lair of Beasts.
You worshipped Lugonu.
Lugonu was extremely pleased with you.
You visited 2 branches of the dungeon, and saw 12 of its levels.
You visited the Abyss 1 time.
You also visited: Sewer.

You collected 711 gold pieces.

Inventory:

Hand Weapons
 g - a +0 lajatang
 I - a +4 demon blade of electrocution (weapon)
Missiles
 i - 3 atropa-tipped darts
Armour
 d - a +0 ring mail of fire resistance
 e - a +0 pair of boots of stealth (worn)
 s - +0 steam dragon scales (worn)
 N - a +0 pair of gloves (worn)
Jewellery
 f - a ring of ice
 p - a +4 ring of protection (right hand)
 F - a ring of see invisible
 G - a ring of willpower
 K - a +4 ring of evasion
 M - a +6 ring of strength (left hand)
Wands
 a - a wand of charming (5)
 o - a wand of flame (12)
 t - a wand of acid (10)
 w - a wand of mindburst (15)
 E - a wand of iceblast (9)
 H - a wand of random effects (11)
 L - a wand of polymorph (6)
Scrolls
 b - 4 scrolls of vulnerability {unknown}
 h - 3 scrolls of noise {unknown}
 j - 2 scrolls of immolation
 l - 2 scrolls of fog
 m - a scroll of holy word
 n - 12 scrolls of teleportation
 u - a scroll of enchant armour
 y - 2 scrolls of fear {unknown}
 z - a scroll of blinking
 A - 2 scrolls of silence {unknown}
 C - 7 scrolls of magic mapping
Potions
 c - a potion of lignification
 k - 2 potions of cancellation {unknown}
 q - 3 potions of curing
 r - 2 potions of resistance
 v - a potion of heal wounds
 B - 3 potions of haste {unknown}
 D - 2 potions of brilliance
 J - a potion of mutation {unknown}


   Skills:
 - Level 6.1 Fighting
 + Level 13.5 Long Blades
 - Level 5.1 Armour
 - Level 4.8 Dodging
 - Level 8.0 Stealth
 - Level 10.0 Invocations


You had 10 spell levels left.
You didn't know any spells.
Your spell library contained the following spells:

 Spells                   Type           Power      Damage    Failure   Level
 Animate Skeleton         Necr           0%         N/A       22%         1
 Apportation              Tloc           0%         N/A       22%         1
 Corona                   Hex            0%         N/A       22%         1
 Magic Dart               Conj           0%         1d3       22%         1
 Summon Small Mammal      Summ           0%         N/A       22%         1
 Blink                    Tloc           N/A        N/A       32%         2
 Call Imp                 Summ           0%         N/A       32%         2
 Slow                     Hex            0%         N/A       32%         2
 Confusing Touch          Hex            0%         N/A       54%         3
 Conjure Flame            Conj/Fire      0%         6-21      54%         3
 Gell's Gravitas          Tloc           0%         N/A       54%         3
 Mephitic Cloud           Conj/Pois/Air  0%         N/A       54%         3
 Petrify                  Tmut/Erth      0%         N/A       91%         4
 Metabolic Englaciation   Hex/Ice        0%         N/A       99%         5
 Yara's Violent Unravell  Hex/Tmut       0%         3d3       99%         5


Dungeon Overview and Level Annotations

Branches:
Dungeon (10/15)            Temple (0/1) D:7            Lair (2/6) D:8
  Snake (0/4) Lair:2        Sewer (visited)
  Swamp: Lair:2-4    Shoals: Lair:2-4       Orc: D:9-12

Altars:
Dithmenos
Elyvilon
Fedhas
Gozag
Kikubaaqudgha
Makhleb
Sif Muna
Uskayaw
Vehumet
The Shining One

Shops:
D:4 (=

Annotations:
D:5 2 transporters, klexidor's ghost, novice MiBe
D:6 2 transporters, Galthrax's ghost, novice PaFi


Innate Abilities, Weirdness & Mutations

You have a pair of horns on your head.
You are partially covered in rugged brown scales. (AC +1, +3% HP)
You are mostly covered in sharp spines.


Message History

You slash the lindwurm!
You headbutt the lindwurm, but do no damage.
The lindwurm is moderately wounded.
You hear a roar!
The lindwurm bites you!
The lindwurm claws you but does no damage.
The lindwurm misses you.
You barely miss the lindwurm. You headbutt the lindwurm.
The lindwurm is moderately wounded.
You barely miss the lindwurm.
The lindwurm is moderately wounded.
The lindwurm is struck by your spines. The lindwurm bites you!
The lindwurm claws you but does no damage. x2
You barely miss the lindwurm.
You headbutt the lindwurm, but do no damage.
The lindwurm is moderately wounded.
The lindwurm closely misses you.
The lindwurm claws you but does no damage.
The lindwurm claws you.
You barely miss the lindwurm. Your headbutt misses the lindwurm.
The lindwurm is moderately wounded.
You hit the lindwurm.
The lindwurm is heavily wounded.
The lindwurm breathes flames at you. The blast of flame hits you!!!
Ouch! That really hurt!
* * * LOW HITPOINT WARNING * * *
You are too injured to fight recklessly!
Space bends sharply around you!
You blink.
The eight-headed hydra misses you. The eight-headed hydra bites you.
* * * LOW HITPOINT WARNING * * *
The eight-headed hydra bites you but does no damage.
The eight-headed hydra bites you.
* * * LOW HITPOINT WARNING * * *
The eight-headed hydra barely misses you.
The eight-headed hydra bites you but does no damage.
The eight-headed hydra closely misses you.
The eight-headed hydra bites you but does no damage.
The lindwurm is struck by your spines. The lindwurm bites you!
You die...

.#.###.##.##.#..####.#...........
..#.##...#.(#†#..................
.####..#####.#.##.###............
.# #.#....#..#...............<..
.##.#..##.##...###.##............
.........#####...................
.#######.#.#.#.###§###...........
.#P...P#.#..##.#.k...#...........
.#†###.#.#...#.#@###.#..........#
#.'!#.'..#.#..#D#(#.#...##.#.#.#
#.###.#.##..#.#.#+#.#..##..#####
#P...P#.##.#..#.....#.#....###
#######..#.##.#######..#....P###
............................#
#####.####.##.###..#.......P# ###
###### ########...## #####


You could see an eight-headed hydra and a lindwurm.

Vanquished Creatures
  Harold (D:7)
  A catoblepas (Lair:2)
  A cyclops (D:8)
  An elephant (Lair:2)
  A black mamba (Lair:2)
  2 cane toads (Lair:2)
  A kobold demonologist (D:10)
  A komodo dragon (Lair:2)
  A polar bear (Lair:2)
  Grinder (D:5)
  5 blink frogs
  2 vampires (D:10)
  A wraith (D:10)
  A wyvern (Lair:2)
  17 yaks
  Grum (Lair:1)
  A steam dragon (D:8)
  3 vampire mosquitoes (D:9)
  Menkaure (D:7)
  14 water moccasins
  An ice beast (D:5)
  3 black bears
  6 orc warriors
  A necrophage (D:7)
  2 centaurs
  2 ogres
  7 wolves
  A phantom (D:5)
  8 bullfrogs
  6 scorpions
  4 wights
  3 howler monkeys
  An electric eel (Lair:2)
  2 gnoll shamans
  A hound (D:4)
  A jelly (D:4)
  3 centaur zombies
  4 orc priests
  An iguana (D:5)
  8 orc wizards
  6 gnolls
  13 adders
  6 river rats
  A shadow imp (D:8)
  2 ufetubi
  An adder skeleton (D:4)
  A worm (D:4)
  3 dart slugs
  30 orcs
  3 endoplasms
  5 giant cockroaches
  3 goblins
  7 hobgoblins
  5 jackals (D:1)
  7 kobolds
  4 quokkas
  30 ball pythons
  4 bats
  7 frilled lizards
  33 rats
293 creatures vanquished.

Vanquished Creatures (others)
  19 fungi
  36 plants
55 creatures vanquished.

Grand Total: 348 creatures vanquished

Notes
Turn   | Place    | Note
-------+----------+-------------------------------------------
     0 | Abyss:1  | polve the Demonspawn Abyssal Knight began the quest for the
                  | Orb.
     0 | Abyss:1  | Reached XP level 1. HP: 18/18 MP: 2/2
    58 | Abyss:1  | Noticed a small abomination
    62 | Abyss:1  | Noticed an orange demon
    65 | D:1      | Escaped the Abyss
   157 | D:1      | Reached skill level 2 in Long Blades
   376 | D:1      | Reached * piety under Lugonu
   396 | D:1      | Gained mutation: You have a pair of small horns on your
                  | head. [demonic ancestry]
   396 | D:1      | Reached XP level 2. HP: 21/24 MP: 3/3
   683 | D:1      | Reached skill level 3 in Long Blades
   959 | D:1      | Gained mutation: You have a pair of horns on your head.
                  | [demonic ancestry]
   959 | D:1      | Reached XP level 3. HP: 22/29 MP: 4/4
  1388 | D:2      | Identified a scroll of acquirement
  1388 | D:2      | Acquired a +0 pair of boots of stealth
  1723 | D:2      | Found a shadowy altar of Dithmenos.
  1724 | D:2      | Found a burning altar of Makhleb.
  1730 | D:2      | Found a hide-covered altar of Uskayaw.
  1733 | D:2      | Found an opulent altar of Gozag.
  1735 | D:2      | Found a blossoming altar of Fedhas.
  2388 | D:3      | Reached skill level 1 in Stealth
  2479 | D:3      | Reached XP level 4. HP: 35/35 MP: 5/5
  2524 | D:3      | Noticed an orc warrior
  3223 | D:4      | Reached skill level 4 in Long Blades
  3287 | D:4      | Found a radiant altar of Vehumet.
  3447 | D:4      | Found Doloam's Jewellery Shop.
  3619 | D:4      | Noticed an ogre
  3627 | D:4      | Killed an ogre
  3628 | D:4      | Gained mutation: You are partially covered in sharp spines.
                  | [demonic ancestry]
  3628 | D:4      | Reached XP level 5. HP: 23/41 MP: 6/6
  4095 | D:3      | Reached XP level 6. HP: 47/47 MP: 7/7
  4183 | D:3      | Killed an orc warrior
  4184 | D:3      | Reached skill level 5 in Long Blades
  4827 | D:4      | Found Urghames's Antique Weapon Boutique.
  4849 | D:4      | Reached ** piety under Lugonu
  5060 | D:5      | Entered Level 5 of the Dungeon
  5060 | D:5      | Noticed Grinder
  5076 | D:5      | Killed Grinder
  5077 | D:5      | Gained mutation: You are mostly covered in sharp spines.
                  | [demonic ancestry]
  5077 | D:5      | Reached XP level 7. HP: 22/52 MP: 8/8
  5279 | D:5      | Reached skill level 5 in Stealth
  5404 | D:5      | Reached skill level 6 in Long Blades
  5404 | D:5      | Reached skill level 1 in Dodging
  5521 | D:5      | Found a shimmering blue altar of Sif Muna.
  5882 | D:5      | Found a transporter.
  5885 | D:5      | Noticed klexidor's ghost (novice MiBe)
  5898 | D:5      | Found a transporter.
  5921 | D:5      | Reached XP level 8. HP: 59/59 MP: 9/9
  6158 | D:6      | Noticed Galthrax's ghost (novice PaFi)
  6159 | D:6      | Found a transporter.
  6160 | D:6      | Found a transporter.
  6160 | D:6      | Noticed a two-headed ogre
  6160 | D:6      | Noticed a manticore
  6307 | D:6      | Found a glowing drain.
  6327 | Sewer    | Entered a sewer
  6733 | Sewer    | Reached *** piety under Lugonu
  6999 | D:6      | Reached skill level 7 in Long Blades
  7274 | D:6      | Reached XP level 9. HP: 33/67 MP: 10/10
  7789 | D:7      | Noticed Harold
  7805 | D:7      | Killed Harold
  7806 | D:7      | Reached skill level 5 in Fighting
  7806 | D:7      | Reached skill level 8 in Long Blades
  8160 | D:7      | Noticed Menkaure
  8166 | D:7      | Killed Menkaure
  8659 | D:7      | Found a staircase to the Ecumenical Temple.
  9453 | D:7      | Reached skill level 9 in Long Blades
  9453 | D:7      | Reached skill level 5 in Armour
  9563 | D:8      | Reached XP level 10. HP: 67/74 MP: 11/11
  9741 | D:8      | Found a staircase to the Lair.
  9748 | D:8      | Noticed a cyclops
  9753 | D:8      | Reached **** piety under Lugonu
 10079 | D:8      | Killed a cyclops
 10080 | D:8      | Reached skill level 5 in Invocations
 11608 | D:9      | Found an ancient bone altar of Kikubaaqudgha.
 11731 | D:9      | Acquired a +2 demon blade of electrocution
 11732 | D:9      | Acquired a manual of Long Blades
 11766 | D:10     | Entered Level 10 of the Dungeon
 11812 | D:10     | Reached skill level 10 in Long Blades
 12580 | D:10     | Reached ***** piety under Lugonu
 12685 | D:10     | Reached skill level 10 in Invocations
 12685 | D:10     | Gained mutation: You are partially covered in rugged brown
                  | scales. (AC +1, +3% HP) [demonic ancestry]
 12685 | D:10     | Reached XP level 11. HP: 31/83 MP: 18/18
 13292 | Lair:1   | Entered Level 1 of the Lair of Beasts
 13410 | Lair:1   | Reached skill level 11 in Long Blades
 13830 | Lair:1   | Noticed Grum
 13840 | Lair:1   | Killed Grum
 14170 | Lair:1   | Identified the +4 chain mail "Waetriz" {-Cast +Fly Str+3
                  | Int+10}
 14301 | Lair:2   | Reached skill level 12 in Long Blades
 14614 | Lair:2   | Found a staircase to the Snake Pit.
 15128 | Lair:2   | Noticed a catoblepas
 15144 | Lair:2   | Killed a catoblepas
 15145 | Lair:2   | Reached skill level 13 in Long Blades
 15294 | Lair:2   | Noticed an eight-headed hydra
 15294 | Lair:2   | Noticed a lindwurm
 15318 | Lair:2   | HP: 4/83 [eight-headed hydra (6)]
 15318 | Lair:2   | Mangled by a lindwurm

Illustrated notes

Levels and vault maps discovered:
D:1:      zelgadis_glass_arrival_large, layout_basic, nrook_mini_backslash,
          minmay_pentomino_z2
D:2:      layout_basic, minitemple, kennysheep_cross_bottleneck, tso_altar
D:3:      layout_loops_ring, elyvilon_altar_5
D:4:      layout_basic, serial_shops, shop, minmay_shop_enchanted_jewellery,
          vehumet_altar_wand_db
D:5:      layout_basic, lemuel_round_altar, gammafunk_ghost_stat_death,
          uniq_grinder
D:6:      layout_layer_cave, gammafunk_ghost_arena, portal_sewer_entry_a
D:7:      layout_loops_ring, minmay_temple_entry_antechambers, uniq_harold,
          uniq_menkaure
D:8:      layout_cave_pools, grunt_lair_entry_orc_guard_hut
D:9:      layout_long_grid, lemuel_round_altar
D:10:     layout_loops_corners
Lair:1:   layout_long_grid, infiniplex_staircase_pool_2, grunt_megastairs_4,
          serial_bayou_shore_b, uniq_grum
Lair:2:   layout_cave_pods, minmay_snake_entry_six_corridors, serial_bayou,
          serial_bayou_lagoon_a, serial_bayou_lagoon_b, minmay_shattered_shrine

Skill      XL: |  1  2  3  4  5  6  7  8  9 10 11 |
---------------+----------------------------------+-----
Long Blades    | 2 3 4 5 6 7 9 10 13 | 13.5
Stealth        | 1 2 3 4 5 8 |  8.0
Dodging        | 1 3 4 |  4.8
Armour         | 2 3 5 |  5.1
Fighting       | 4 6 |  6.1
Invocations    | 10 | 10.0

Action                   |  1- 3 |  4- 6 |  7- 9 | 10-12 || total
-------------------------+-------+-------+-------+-------++-------
Melee: Falchion          |    81 |       |       |       ||    81
       Headbutt          |     9 |    15 |    38 |    53 ||   115
       Long sword        |    19 |    94 |   218 |   107 ||   438
       Unarmed           |       |       |    23 |       ||    23
       Demon blade       |       |       |       |   182 ||   182
Invok: Depart the Abyss  |     1 |       |       |       ||     1
       Bend Space        |       |       |     2 |     2 ||     4
  Use: Scroll            |     2 |       |     6 |     9 ||    17
       Potion            |       |     3 |     6 |     3 ||    12
 Stab: Sleeping          |     5 |     5 |     8 |     7 ||    25
       Distracted        |       |       |       |     2 ||     2
       Petrified         |       |       |       |     2 ||     2
Armor: Leather armour    |    27 |     4 |       |       ||    31
       Ring mail         |       |    32 |    81 |       ||   113
       Skin              |       |       |    10 |       ||    10
       Steam dragon scal |       |       |     6 |    80 ||    86
Dodge: Dodged            |    59 |    29 |   105 |   137 ||   330
       Rpst.: Falchion   |    12 |       |       |       ||    12
       Long sword        |     3 |     8 |    25 |    20 ||    56
       Demon blade       |       |       |       |    15 ||    15

Table legend: (Time is in decaauts)
 A = Elapsed time spent in this place.
 B = Non-inter-level travel time spent in this place.
 C = Inter-level travel time spent in this place.
 D = Time resting spent in this place.
 E = Time spent auto-exploring this place.
 F = Levels seen in this place.
 G = Mean time per level.
                   A        B        C        D        E       F      G
               +--------+--------+--------+--------+--------+-----+--------+
         Total |  15350 |  14890 |    460 |    134 |  12712 |  14 | 1096.4 |
       Dungeon |  12606 |  12168 |    438 |    134 |  10419 |  10 | 1260.6 |
          Lair |   1990 |   1969 |     21 |      0 |   1711 |   2 |  995.0 |
         Abyss |     65 |     65 |      0 |      0 |     56 |   1 |   65.0 |
         Sewer |    688 |    688 |      0 |      0 |    524 |   1 |  688.0 |
               +--------+--------+--------+--------+--------+-----+--------+

Top non-repeatable levels by time:
     D:4: 1667 daAuts
     D:6: 1490 daAuts
    D:10: 1486 daAuts
     D:7: 1433 daAuts
     D:1: 1287 daAuts
     D:3: 1275 daAuts
     D:8: 1190 daAuts
  Lair:2: 1053 daAuts
     D:2: 965 daAuts
  Lair:1: 937 daAuts
     D:9: 910 daAuts
     D:5: 899 daAuts
   Sewer: 688 daAuts
 Abyss:1: 65 daAuts
